 Dungeon Crawl Stone Soup version 0.30-a0-57-g8b159a9891 (webtiles) character file.

Game seed: 10237316612023117781

148 Conn the Firebug (level 5, 0/32 HPs)
             Began as an Octopode Fire Elementalist on Sept 11, 2022.
             Slain by an orc wizard
             ... wielding a +0 dagger
              (4 damage)
             ... on level 3 of the Dungeon.
             The game lasted 00:03:48 (2850 turns).

Conn the Firebug (Octopode Fire Elementalist)       Turns: 2850, Time: 00:03:49

Health: 0/32       AC:  1    Str:  7    XL:     5   Next: 30%
Magic:  1/8        EV: 13    Int: 17    God:
Gold:   78         SH:  0    Dex: 13    Spells: 8/9 levels left

rFire   . . .      SeeInvis .    j - +12 mace of the Empty Page {venom, Fly rElec Will- Int-2}
rCold   . . .      Faith    .    (no shield)
rNeg    + . .      Spirit   .    (helmet restricted)
rPois   .          Reflect  .    (no amulet)
rElec   +          Harm     .    q - ring of positive energy
rCorr   .          Rampage  .    (no ring)
Will    .....                    (no ring)
Stlth   +++.......               (no ring)
HPRegen 0.10/turn                (no ring)
MPRegen 0.11/turn                (no ring)
                                 (no ring)
                                 (no ring)

@: flying
A: almost no armour, amphibious, 8 rings, camouflage 1, gelatinous body 1,
(nimble swimmer 1), tentacles
a: no special abilities


You were on level 3 of the Dungeon.
You visited 1 branch of the dungeon, and saw 3 of its levels.

You collected 78 gold pieces.

Inventory:

Hand Weapons
 c - a +0 dagger
 j - the +12 mace of the Empty Page (weapon) {venom, Fly rElec Will- Int-2}
   (You found it on level 2 of the Dungeon)

   It poisons the flesh of those it strikes.
   Int:       It affects your intelligence (-2).
   rElec:     It insulates you from electricity.
   Fly:       It grants you flight.
   Will:      It decreases your willpower.
Magical Staves
 m - a staff of cold
Jewellery
 q - a ring of positive energy (left tentacle)
Scrolls
 e - a scroll of teleportation {unknown}
 h - a scroll of silence {unknown}
 i - a scroll of noise {unknown}
 k - a scroll of poison {unknown}
 l - a scroll of enchant armour {unknown}
 o - 2 scrolls of identify {unknown}
Potions
 a - a potion of magic
 b - a potion of lignification {unknown}
 d - a potion of ambrosia {unknown}
 f - a potion of attraction {unknown}
 g - a potion of curing {unknown}
 n - a potion of invisibility {unknown}
 p - a potion of berserk rage {unknown}
 r - a potion of brilliance {unknown}
 s - a potion of mutation {unknown}


   Skills:
 * Level 0.5 Fighting
 + Level 0.2 Short Blades
 * Level 1.4 Maces & Flails
 + Level 2.2 Dodging
 + Level 3.9 Stealth
 + Level 2.5 Spellcasting
 + Level 2.1 Conjurations
 + Level 4.0 Fire Magic


You had 8 spell levels left.
You knew the following spells:

 Your Spells              Type           Power      Damage    Failure   Level
a - Foxfire               Conj/Fire      48%        2x1d6     5%          1

Your spell library contained the following spells:

 Spells                   Type           Power      Damage    Failure   Level
 Scorch                   Fire           30%        2d6       5%          2
 Conjure Flame            Conj/Fire      12%        6-21      16%         3
 Inner Flame              Hex/Fire       9%         N/A       24%         3
 Flame Wave               Conj/Fire      12%        2d6       45%         4
 Dispersal                Tloc           1%         N/A       100%        6
 Disjunction              Tloc           1%         N/A       100%        8


Dungeon Overview and Level Annotations

Branches:
Dungeon (3/15)

Altars:
The Shining One


Innate Abilities, Weirdness & Mutations

You cannot wear most types of armour.
You are amphibious.
You can wear up to eight rings at the same time.
Your skin changes colour to match your surroundings (Stealth+).
Your rubbery body absorbs attacks. (AC +1, EV +1)
((You are camouflaged when in or above water. (Stealth+)))
You have tentacles for arms and can constrict up to eight enemies at once.


Message History

You conjure some foxfire!
The foxfire hits the orc priest but does no damage. x2
Unknown command.
You barely miss the orc priest. You grab the orc priest.
You squeeze the orc priest, but do no damage.
You constrict the orc priest.
The foxfire hits the orc priest.
The orc priest is moderately wounded.
The foxfire hits the orc priest.
The orc priest is heavily wounded.
The orc priest struggles to escape constriction.
Casting: Foxfire (safe; 5% risk of failure)
Confirm with . or Enter, or press ? or * to list all spells.
You conjure some foxfire!
You constrict the orc priest.
The orc priest escapes!
Unknown command.
You completely miss the orc priest. Your grab misses the orc priest.
The orc priest is severely wounded.
The foxfire hits the orc priest.
The orc priest is almost dead.
The foxfire hits the orc.
The orc is almost dead.
The orc priest hits you with a +0 flail.
You thump the orc priest!
You kill the orc priest!
The orc hits you with a +0 club.
Unknown command.
You closely miss the orc wizard. Your grab misses the orc wizard.
The orc hits you with a +0 club.
The orc wizard hits you with a +0 dagger.
* * * LOW HITPOINT WARNING * * *
The orc wizard points at you and mumbles some strange words.
The magic dart hits you.
* * * LOW HITPOINT WARNING * * *
The orc barely misses you.
Okay, then.
Unknown command.
Unknown command.
Unknown command.
You barely miss the orc wizard. Your grab misses the orc wizard.
The orc wizard hits you with a +0 dagger.
You die...

## .# # o# ###
####.####o#
#..
...ยงยงยง..#.#
### #.#
#.##o#.#
##.####.#
#...@o)#
#.#......
####)###
####.####.#
#.#
#.......#.#
###.###
#.##.##.#.#
### #.....#
#.##.##.#.#
...##.###.#
#.##.##.#.. #.
...# #.#
#.##.##.###
#.#..##.###.#
#.##.##.#
#....#......#
#.##..#.# #


You could see an orc wizard and an orc.

Vanquished Creatures
  An orc priest (D:3)
  A gnoll (D:1)
  3 adders
  A worm (D:2)
  4 dart slugs (D:1)
  2 orcs (D:3)
  7 ball pythons
  3 bats
  6 endoplasms
  12 giant cockroaches
  5 goblins
  3 hobgoblins
  4 jackals (D:1)
  2 quokkas
  A frilled lizard (D:2)
  2 kobolds
  4 rats
61 creatures vanquished.

Vanquished Creatures (others)
  142 foxfires
142 creatures vanquished.

Grand Total: 203 creatures vanquished

Notes
Turn   | Place    | Note
-------+----------+-------------------------------------------
     0 | D:1      | Conn the Octopode Fire Elementalist began the quest for the
                  | Orb.
     0 | D:1      | Reached XP level 1. HP: 11/11 MP: 3/3
   284 | D:1      | Reached XP level 2. HP: 17/17 MP: 1/5
   599 | D:1      | Reached XP level 3. HP: 19/21 MP: 0/6
  1385 | D:1      | Found a faded altar of an unknown god.
  1792 | D:2      | Identified the +12 mace of the Empty Page {venom, Fly rElec
                  | Will- Int-2}
  1885 | D:2      | Reached XP level 4. HP: 19/27 MP: 3/7
  2308 | D:2      | Reached skill level 1 in Maces & Flails
  2430 | D:3      | Found a glowing golden altar of the Shining One.
  2834 | D:3      | Reached skill level 4 in Fire Magic
  2834 | D:3      | Reached XP level 5. HP: 26/31 MP: 8/8
  2850 | D:3      | Slain by an orc wizard

Illustrated notes

Levels and vault maps discovered:
D:1:      ncdulo_lavacross, layout_basic, shapermc_ecumenical_altar_mp_vishouse
D:2:      layout_rooms, corexii_leaking_fountain
D:3:      minmay_roachtagon, layout_loops_corners, grunt_temple_overflow_open,
          fiery_altar_vehumet, tso_metal_star, uniq_natasha, uniq_sigmund

Skill      XL: |  1  2  3  4 |
---------------+-------------+-----
Stealth        | 3 |  3.9
Maces & Flails | 1 |  1.4
Conjurations   | 2 |  2.1
Fire Magic     | 4 |  4.0
Fighting       | |  0.5
Short Blades   | |  0.2
Dodging        | |  2.2
Spellcasting   | |  2.5

Action                   |  1- 3 |  4- 6 || total
-------------------------+-------+-------++-------
Melee: Unarmed           |     3 |       ||     3
       Tentacles         |     7 |     3 ||    10
       Constrict         |     8 |     6 ||    14
       Dagger            |    25 |       ||    25
       Mace              |     4 |    28 ||    32
       Punch             |     1 |       ||     1
 Cast: Foxfire           |    45 |    38 ||    83
 Stab: Sleeping          |     4 |     4 ||     8
Armor: Skin              |     1 |     1 ||     2
Dodge: Dodged            |    18 |    14 ||    32

Table legend: (Time is in decaauts)
 A = Elapsed time spent in this place.
 B = Non-inter-level travel time spent in this place.
 C = Inter-level travel time spent in this place.
 D = Time resting spent in this place.
 E = Time spent auto-exploring this place.
 F = Levels seen in this place.
 G = Mean time per level.
                   A        B        C        D        E       F      G
               +--------+--------+--------+--------+--------+-----+--------+
         Total |   2859 |   2815 |     44 |      0 |   2267 |   3 |  953.0 |
       Dungeon |   2859 |   2815 |     44 |      0 |   2267 |   3 |  953.0 |
               +--------+--------+--------+--------+--------+-----+--------+

Top non-repeatable levels by time:
     D:1: 1767 daAuts
     D:2: 639 daAuts
     D:3: 451 daAuts
